 Dungeon Crawl Stone Soup version 0.29-a0-231-g945431f764 (webtiles) character file.

Game seed: 4005687253656202036

121814 Azmakalis the Prestidigitator (level 16, 0/98 HPs)
             Began as an Octopode Venom Mage on Feb 27, 2022.
             Was a High Priest of Vehumet.
             Slain by a +0 halberd of protection (17 damage)
             ... on level 1 of the Elven Halls on Feb 28, 2022.
             The game lasted 02:20:57 (29582 turns).

Azmakalis the Prestidigitator (OpVM)               Turns: 29582, Time: 02:20:58

Health: 0/98       AC:  2    Str: 11    XL:     16   Next: 86%
Magic:  12/31      EV: 23    Int: 35    God:    Vehumet [*****.]
Gold:   1622       SH:  0    Dex: 14    Spells: 2/38 levels left

rFire   + . .      SeeInvis +   Z - staff of conjuration {!a}
rCold   + + .      Faith    .   (no shield)
rNeg    . . .      Spirit   .   (helmet restricted)
rPois   +          Reflect  .   w - amulet of magic regeneration
rElec   .          Harm     .   P - ring of poison resistance
rCorr   +          Rampage  .   U - ring of Wuffugh {+Blink rF+ rC++ rCorr Str+3 Stlth-}
Will    ++...                   O - ring "Unyatat" {Slay+5 SInv}
Stlth   +++.......              z - +4 ring of evasion
HPRegen 0.26/turn               K - +4 ring of evasion
MPRegen 0.62/turn               Y - +6 ring of intelligence
                                A - +6 ring of intelligence
                                L - ring of willpower

@: no status effects
A: almost no armour, amphibious, 8 rings, camouflage 1, gelatinous body 1,
(nimble swimmer 1), tentacles, shaggy fur 1
a: Renounce Religion, Evoke Blink


You were on level 1 of the Elven Halls.
You worshipped Vehumet.
Vehumet was extremely pleased with you.
You visited 6 branches of the dungeon, and saw 26 of its levels.
You also visited: Sewer.

You collected 3505 gold pieces.
You spent 1883 gold pieces at shops.

Inventory:

Hand Weapons
 q - a +4 dagger of electrocution
Missiles
 e - a throwing net (quivered) {=f}
Armour
 d - a +0 buckler
Magical Staves
 B - a staff of air {rElec}
 N - a staff of fire {rF+}
 R - a staff of earth
 Z - a staff of conjuration (weapon) {!a}
Jewellery
 w - an amulet of magic regeneration (around mantle)
 z - a +4 ring of evasion (on tentacle)
 A - a +6 ring of intelligence (on tentacle)
 F - a ring of protection from fire
 I - a ring of flight
 K - a +4 ring of evasion (on tentacle)
 L - a ring of willpower (on tentacle)
 O - the ring "Unyatat" (on tentacle) {Slay+5 SInv}
   (You found it on level 10 of the Dungeon)

   [ring of see invisible]

   Slay:      It affects your accuracy & damage with ranged weapons and melee
   (+5).
   SInv:      It lets you see invisible.
 P - a ring of poison resistance (left tentacle)
 U - the ring of Wuffugh (right tentacle) {+Blink rF+ rC++ rCorr Str+3 Stlth-}
   (You took it off a kobold on level 4 of the Dungeon)

   [ring of protection from fire]

   Str:       It affects your strength (+3).
   rF:        It protects you from fire.
   rC:        It greatly protects you from cold.
   +Blink:    It lets you blink.
   rCorr:     It protects you from acid and corrosion.
   Stlth:     It makes you less stealthy.
 Y - a +6 ring of intelligence (on tentacle)
Wands
 b - a wand of acid (10)
 s - a wand of charming (20)
 C - a wand of mindburst (3)
 D - a wand of digging (10)
 M - a wand of iceblast (3)
 Q - a wand of polymorph (11)
 W - a wand of paralysis (12)
Scrolls
 a - 2 scrolls of holy word {!r}
 c - 2 scrolls of summoning
 f - 6 scrolls of fog
 g - 3 scrolls of noise {!r}
 h - 4 scrolls of immolation {!r}
 i - 3 scrolls of identify
 m - 2 scrolls of enchant weapon
 t - 13 scrolls of teleportation
 v - a scroll of amnesia
 x - 2 scrolls of torment {!r}
 y - 3 scrolls of vulnerability {!r!r}
 E - 4 scrolls of enchant armour
 G - a scroll of silence
 V - a scroll of magic mapping {!r}
Potions
 j - 3 potions of magic
 k - 2 potions of ambrosia
 l - 3 potions of flight
 n - 11 potions of curing
 o - 2 potions of haste
 p - a potion of cancellation
 r - 3 potions of might
 u - 3 potions of berserk rage {!q}
 H - 5 potions of lignification {!q}
 S - 3 potions of brilliance
 T - 4 potions of heal wounds
 X - a potion of invisibility
Miscellaneous
 J - a piece from Xom's chessboard (15/15)


   Skills:
 - Level 5.0 Fighting
 - Level 5.0 Dodging
 - Level 5.4 Stealth
 - Level 11.5 Spellcasting
 - Level 12.0 Conjurations
 - Level 6.2 Hexes
 - Level 10.0 Summonings
 - Level 4.1 Translocations
 - Level 4.0 Transmutations
 - Level 6.0 Fire Magic
 - Level 10.0 Earth Magic
 - Level 12.1 Poison Magic
 + Level 14.4 Evocations


You had 2 spell levels left.
You knew the following spells:

 Your Spells              Type           Power      Damage    Failure   Level
a - Ignite Poison         Fire/Tmut/Pois 64%        N/A       1%          3
b - Poisonous Vapours     Pois/Air       100%       N/A       1%          2
c - Olgreb's Toxic Radia  Pois           81%        N/A       1%          4
d - Searing Ray           Conj           100%       2d8       0%          2
e - Fulminant Prism       Conj/Hex       45%        3d21      1%          4
f - Eringya's Noxious Bo  Tmut/Pois      33%        N/A       3%          6
g - Summon Forest         Summ/Tloc      31%        N/A       3%          5
w - Passwall              Tmut/Erth      51%        N/A       1%          2
x - Mephitic Cloud        Conj/Pois/Air  86%        N/A       1%          3
z - Lee's Rapid Deconstr  Erth           37%        3d19*     1%          5

Your spell library contained the following spells:

 Spells                   Type           Power      Damage    Failure   Level
 Starburst                Conj/Fire      45%        6d13      2%          6
 Magic Dart               Conj           100%       1d8       0%          1
 Apportation              Tloc           98%        N/A       1%          1
 Sandblast                Erth           100%       2d20      1%          1
 Sting                    Tmut/Pois      100%       1d8       1%          1
 Ensorcelled Hibernation  Hex/Ice        84%        N/A       1%          2
 Corpse Rot               Necr/Air       40%        N/A       3%          2
 Conjure Flame            Conj/Fire      90%        6-21      1%          3
 Stone Arrow              Conj/Erth      100%       3d13      1%          3
 Hailstorm                Conj/Ice       76%        3d16      1%          4
 Sticky Flame             Conj/Fire      90%        2d10      1%          4
 Alistair's Intoxication  Tmut/Pois      44%        N/A       2%          5
 Swiftness                Air            20%        N/A       6%          3
 Ice Form                 Ice/Tmut       34%        N/A       10%         4
 Dispel Undead            Necr           20%        3d11      22%         4
 Summon Hydra             Summ           37%        N/A       30%         7
 Lehudib's Crystal Spear  Conj/Erth      49%        10d12     36%         8
 Ignition                 Fire           29%        3d9       94%         8
 Death Channel            Necr           10%        N/A       97%         6
 Simulacrum               Ice/Necr       10%        N/A       97%         6
 Ozocubu's Refrigeration  Ice            10%        4d7       98%         7
 Animate Armour           Summ/Erth      Unusable   N/A       N/A         4

Dungeon Overview and Level Annotations

Branches:
Dungeon (15/15)            Temple (1/1) D:5            Lair (6/6) D:11
 Shoals (0/4) Lair:4        Snake (0/4) Lair:4        Slime (0/5) Lair:5
    Orc (2/2) D:12            Elf (1/3) Orc:2        Vaults (0/5) D:13
 Depths (1/4) D:15          Sewer (visited)

Altars:
Ashenzari
Cheibriados
Dithmenos
Fedhas
Gozag
Makhleb
Nemelex Xobeh
Ru
Trog
Vehumet
Wu Jian
Xom
Yredelemnul
Zin
The Shining One
Beogh
Jiyva

Shops:
D:3 ?(   D:7 [   D:10 :!=   D:12 ([   Orc:1 *   Orc:2 ([[!

Annotations:
Lair:5 1 runed translucent door


Innate Abilities, Weirdness & Mutations

You cannot wear most types of armour.
You are amphibious.
You can wear up to eight rings at the same time.
Your skin changes colour to match your surroundings (Stealth+).
Your rubbery body absorbs attacks. (AC +1, EV +1)
((You are camouflaged when in or above water. (Stealth+)))
You have tentacles for arms and can constrict up to eight enemies at once.
You are covered in fur. (AC +1)


Message History

The blast of energy engulfs the +3 short sword of flaming!!
The +3 short sword of flaming falls from the air.
You hear a shout! x3
A deep elf zephyrmancer comes into view.
It is wielding a +0 short sword.
You see here a +0 dagger.
A rock wall.
The wall shatters!
The blast of rock fragments hits the +0 halberd of protection but does no damage.
You hear a shout!
The +0 halberd of protection hits you from afar!!
The deep elf zephyrmancer gestures at you while chanting.
The bolt of lightning hits the +0 halberd of protection.
The +0 halberd of protection completely resists.
The bolt of lightning misses you.
You take 35 damage, and have 63/98 hp.
MASSIVE DAMAGE!!
You now have 25/31 mp.
A rock wall.
The wall shatters!
The blast of rock fragments hits the +0 halberd of protection but does no damage.
The +0 halberd of protection hits you from afar!
* * * LOW HITPOINT WARNING * * *
The +0 halberd of protection hits you from afar!!
* * * LOW HITPOINT WARNING * * *
You take 47 damage, and have 16/98 hp.
MASSIVE DAMAGE!!
You now have 21/31 mp.
A rock wall.
The wall shatters!
The blast of rock fragments hits the +0 halberd of protection but does no damage.
You hear a shout!
The +0 halberd of protection completely misses you.
You now have 16/31 mp.
A rock wall.
The wall shatters!
The blast of rock fragments hits the +0 halberd of protection but does no damage.
* * * LOW MAGIC WARNING * * *
The +0 halberd of protection barely misses you.
The +0 halberd of protection hits you from afar!
You die...

#..###.... #..'......
.#.........# #..#......
.'..)......# ##.## ###.X
#......#.##### ....#
#............ ##.##
#......#.#.# #..########
##..........# #.....))..#
#...........#
#...#####.###..@)).....#
##..# ##...##........#
#..############.(.....###
###..#.(........##.........
.......##.##.#............#
#.........>..#..#...e.......
)).....)#.##.#..#..!........
#....#..#.......#.....).....
'....#........######.......


You could see a deep elf zephyrmancer and a +0 halberd of protection.

Levels and vault maps discovered:
D:1:      dpeg_chamrin_arrival_tetris, layout_loops_corners,
          hellmonk_ecumenical_altar_pennies_from_heaven
D:2:      layout_loops_ring, minmay_tetromino_i2, uniq_natasha, uniq_jessica
D:3:      layout_loops_corners, cheibrodos_worm_habitat,
          nicolae_gozag_cash_rules_everything_around_me, serial_shops,
          nicolae_shop_trees, shop, gup_sewer_entry_bowl
D:4:      layout_layer_cave
D:5:      layout_basic, minmay_temple_entry_large_hall
D:6:      layout_loops_cross, fedhas_altar_3, lemuel_flamethrower_2,
          uniq_duvessa
D:7:      layout_loops_ring, nzn_wu_jian_council_hall, kennysheep_little_box,
          led_xom_imps, serial_shops, shop
D:8:      layout_rooms, serial_aquarium, aquarium_bridge_square
          [aquarium_subvault_wall, aquarium_subvault_bridge,
          aquarium_subvault_bridge, aquarium_subvault_window],
          aquarium_window_corridor_2, aquarium_window_fake,
          aquarium_window_fake, aquarium_window_1, aquarium_view_2e,
          aquarium_view_2f, aquarium_pool_1
D:9:      layout_long_grid, glass_columns_b, minmay_lindwurm_lava, uniq_maurice
D:10:     layout_gridville, nicolae_dithmenos_through_a_glass_darkly,
          serial_rivers, chequers_serial_rivers_small_3,
          chequers_serial_rivers_small_b, chequers_serial_rivers_micro_d,
          chequers_serial_rivers_micro_d, serial_shops, nicolae_diamond_shop,
          nicolae_shop_temple_entry_statues_fountains, shop,
          minmay_hollow_rounded_squares
D:11:     layout_rooms, erik_lair_dragon
D:12:     layout_basic, orc_david_3, gammafunk_ghost_nasty_kobolds
D:13:     layout_cave_pods, hangedman_vaults_entry_quadrant_bands,
          corner_web_ring
D:14:     cheibrodos_frozen_isle, layout_basic, minmay_misc_feat_encased,
          grunt_ministairs_10, nicolae_concentric_dashed_squares_wild
D:15:     gammafunk_depths_entry_grave, layout_loops_ring, skrybe_limestone_x
Temple:   bh_familiar_temple
Lair:1:   layout_concentric_octagons, grunt_megastairs_1,
          infiniplex_staircase_pool_2, uniq_sonja
Lair:2:   layout_cave_pods, gammafunk_ghost_grave
Lair:3:   layout_chaotic_city, grunt_forest_large_clearings,
          serial_bayou_shore_b, infiniplex_staircase_pool, lemuel_fruit_fields
Lair:4:   layout_gridlike, elwin_shoals_entry_stream,
          minmay_snake_entry_guardpost_small, roderic_batcave, minivault_27,
          grunt_megastairs_5, uniq_nergalle
Lair:5:   layout_cave_pods, slime_altar_2
Lair:6:   grunt_lair_end_beastmaster, layout_regular_city
Orc:1:    layout_diamond_mine, serial_shops, shop, bh_open_orc_temple
Orc:2:    grunt_orc_community_town_hall, layout_caves,
          grunt_orc_community_big_house_1, grunt_orc_community_big_house_2,
          grunt_orc_community_house_2, grunt_orc_community_house_1,
          grunt_orc_community_house_3, grunt_orc_community_house_1,
          grunt_orc_community_house_2, grunt_orc_community_house_3, basic_altar
Elf:1:    minmay_elf_arrival_summoners, layout_loops_cross,
          minmay_elf_necromancy, orc_legates
Depths:1: layout_long_grid, serial_shops, nicolae_shop_hallway_plus,
          pf_hell_entry_tar_river, grunt_decor_arrowhead,
          minmay_misc_feat_four_crosses, guppyfry_shop_earth,
          serial_bayou_shore_b

Notes
Turn   | Place    | Note
-------+----------+-------------------------------------------
     0 | D:1      | Azmakalis the Octopode Venom Mage began the quest for the
                  | Orb.
     0 | D:1      | Reached XP level 1. HP: 11/11 MP: 3/3
   152 | D:1      | Reached skill level 4 in Poison Magic
   237 | D:1      | Identified a +0 whip
   330 | D:1      | Identified a +0 club
   333 | D:1      | Reached XP level 2. HP: 17/17 MP: 1/5
   336 | D:1      | Learned a level 2 spell: Poisonous Vapours
   479 | D:1      | Identified a +0 buckler
   745 | D:1      | Found a faded altar of an unknown god.
   802 | D:1      | Identified a +0 short sword
   998 | D:1      | Identified a ring of poison resistance
  1453 | D:2      | Reached skill level 5 in Poison Magic
  1453 | D:2      | Reached XP level 3. HP: 21/21 MP: 3/6
  1492 | D:2      | Identified a +0 hunting sling
  1575 | D:2      | Identified a +0 dagger
  1575 | D:2      | Identified a +2 robe of resistance
  1575 | D:2      | Noticed Jessica
  1577 | D:2      | Identified a +0 club
  1585 | D:2      | Killed Jessica
  1594 | D:2      | Learned a level 3 spell: Mephitic Cloud
  1636 | D:2      | Identified a +2 dagger of venom
  1674 | D:2      | Reached XP level 4. HP: 25/27 MP: 4/7
  1751 | D:2      | Identified a +0 dagger
  1762 | D:2      | Identified a +0 dagger
  2051 | D:2      | Reached skill level 6 in Poison Magic
  2087 | D:2      | Noticed Natasha
  2338 | D:2      | Killed Natasha
  2397 | D:2      | Noticed Natasha
  2406 | D:2      | Killed Natasha
  2407 | D:2      | Reached skill level 3 in Spellcasting
  2407 | D:2      | Reached XP level 5. HP: 25/31 MP: 1/9
  2412 | D:2      | Learned a level 4 spell: Olgreb's Toxic Radiance
  2561 | D:2      | Noticed Natasha
  2568 | D:2      | Killed Natasha
  2580 | D:3      | Identified 4 scrolls of noise
  2580 | D:3      | Identified a +0 club
  2746 | D:3      | Found Gaxirad's Weapon Shop.
  2798 | D:3      | Found a glowing drain.
  2807 | Sewer    | Entered a sewer
  2895 | Sewer    | Noticed Pargi
  2901 | Sewer    | Identified 2 scrolls of identify
  2901 | Sewer    | Identified 2 potions of magic
  2919 | Sewer    | Killed Pargi
  2919 | Sewer    | Identified a +0 troll leather armour {Pargi}
  2920 | Sewer    | Reached skill level 7 in Poison Magic
  2920 | Sewer    | Reached XP level 6. HP: 32/36 MP: 1/11
  3030 | Sewer    | Identified a +0 dagger
  3160 | D:3      | Identified 2 potions of flight
  3218 | D:3      | Found Wiuppo Hopp's Magic Scroll Boutique.
  3224 | D:3      | Bought a scroll of teleportation for 39 gold pieces
  3224 | D:3      | Bought a scroll of fear for 45 gold pieces
  3224 | D:3      | Bought 2 scrolls of identify for 52 gold pieces
  3224 | D:3      | Bought a scroll of fog for 26 gold pieces
  3224 | D:3      | Identified 2 potions of curing
  3225 | D:3      | Identified a scroll of magic mapping
  3226 | D:3      | Identified a scroll of blinking
  3348 | D:3      | Found an opulent altar of Gozag.
  3401 | D:3      | Identified a +0 dagger
  3888 | D:3      | Found a snail-covered altar of Cheibriados.
  4007 | D:3      | Bought a scroll of teleportation for 39 gold pieces
  4007 | D:3      | Bought a scroll of teleportation for 39 gold pieces
  4023 | D:4      | Identified a +0 giant club
  4149 | D:4      | Identified a +0 dagger
  4340 | D:4      | Identified a +0 dagger
  4452 | D:4      | Identified a +0 short sword
  4452 | D:4      | Identified the ring of Wuffugh {+Blink rF+ rC++ rCorr Str+3
                  | Stlth-}
  4586 | D:4      | Identified a +1 whip of draining
  4745 | D:4      | Identified 2 scrolls of immolation
  4772 | D:4      | Identified a +2 whip of electrocution
  4820 | D:4      | Identified a +0 club
  4877 | D:4      | HP: 5/36 [iguana (10)]
  4879 | D:4      | Reached skill level 8 in Poison Magic
  4879 | D:4      | Reached XP level 7. HP: 6/41 MP: 9/12
  5564 | D:5      | Entered Level 5 of the Dungeon
  5573 | D:5      | Identified a +0 ring mail
  5690 | D:5      | Identified a +0 giant club
  5701 | D:5      | Reached skill level 4 in Spellcasting
  5707 | D:5      | Reached skill level 2 in Evocations
  5967 | D:5      | Reached skill level 3 in Evocations
  6102 | D:5      | Identified a +0 dagger
  6102 | D:5      | Identified a +0 dagger
  6102 | D:5      | Identified a +0 robe
  6102 | D:5      | Identified a +0 flail
  6104 | D:5      | Identified a +0 short sword
  6106 | D:5      | Identified a +0 whip
  6107 | D:5      | Identified a +0 club
  6122 | D:5      | Reached skill level 4 in Evocations
  6192 | D:5      | Reached skill level 5 in Evocations
  6192 | D:5      | Reached XP level 8. HP: 16/46 MP: 10/14
  6541 | D:5      | Identified 2 potions of degeneration
  6831 | D:5      | Found a staircase to the Ecumenical Temple.
  6840 | Temple   | Entered the Ecumenical Temple
  6919 | Temple   | Became a worshipper of Vehumet
  7194 | D:6      | Identified a +0 dagger
  7194 | D:6      | Identified a +0 robe
  7195 | D:6      | Identified a +0 dire flail
  7195 | D:6      | Identified a +0 plate armour
  7196 | D:6      | Identified a +0 club
  7196 | D:6      | Identified a +0 scale mail
  7197 | D:6      | Identified a +0 flail
  7202 | D:6      | Identified a +0 hand axe
  7203 | D:6      | Reached skill level 6 in Evocations
  7252 | D:6      | Identified a +0 dagger
  7259 | D:6      | Identified a +0 short sword
  7261 | D:6      | Identified a +0 dagger
  7265 | D:6      | Identified a +0 short sword
  7268 | D:6      | Identified a +2 dagger of electrocution
  7274 | D:6      | Reached skill level 7 in Evocations
  7282 | D:6      | Learned a level 2 spell: Searing Ray
  7337 | D:6      | Identified a +0 short sword
  7337 | D:6      | Identified a +0 chain mail
  7337 | D:6      | Noticed Duvessa
  7350 | D:6      | Killed Duvessa
  7351 | D:6      | Reached skill level 2 in Conjurations
  7367 | D:6      | Identified a +0 dagger
  7367 | D:6      | Identified a +0 robe
  7367 | D:6      | Noticed Dowan
  7376 | D:6      | Killed Dowan
  7488 | D:6      | Identified a +6 ring of strength
  7513 | D:6      | Reached skill level 3 in Conjurations
  7549 | D:6      | Identified a +0 short sword
  7618 | D:6      | HP: 11/46 [water moccasin (7)]
  7620 | D:6      | Reached skill level 4 in Conjurations
  7861 | D:6      | HP: 9/46 [iguana (7)]
  8042 | D:6      | Identified a +0 hand axe
  8042 | D:6      | Identified a +0 buckler
  8202 | D:6      | Found a blossoming altar of Fedhas.
  8205 | D:6      | Identified a +0 giant club
  8236 | D:6      | Identified the +0 robe "Lufaihoj" {rPois Stlth+}
  8257 | D:6      | Identified a +0 dagger
  8257 | D:6      | Identified a +0 short sword
  8257 | D:6      | Identified a +0 whip
  8274 | D:6      | Reached * piety under Vehumet
  8274 | D:6      | Offered knowledge of Freeze by Vehumet.
  8353 | D:6      | Reached skill level 5 in Conjurations
  8353 | D:6      | Reached XP level 9. HP: 51/51 MP: 11/15
  8402 | D:6      | Identified an amulet of magic regeneration
  8574 | D:6      | Reached skill level 6 in Conjurations
  8822 | D:6      | Identified a +0 scale mail
  8822 | D:6      | Identified a +0 flail
  8831 | D:6      | Identified a +0 whip
  9188 | D:7      | Identified a +0 mace
  9188 | D:7      | Noticed a gargoyle
  9194 | D:7      | Killed a gargoyle
  9195 | D:7      | Reached skill level 7 in Conjurations
  9225 | D:7      | Found a broken altar of Ashenzari.
  9256 | D:7      | Identified a +3 falchion
  9256 | D:7      | Identified a +0 robe
  9256 | D:7      | Identified a +2 great sword of freezing
  9256 | D:7      | Identified a +0 robe
  9256 | D:7      | Identified a +0 morningstar
  9256 | D:7      | Identified a +0 robe
  9266 | D:7      | Reached skill level 8 in Conjurations
  9285 | D:7      | Found a shimmering altar of Xom.
  9294 | D:7      | Identified a +2 dagger of chaos
  9366 | D:7      | Identified a +0 hand axe
  9366 | D:7      | Identified a +0 leather armour
  9390 | D:7      | Identified a +0 spear
  9393 | D:7      | Identified a +0 hand axe
  9459 | D:7      | Found an ornate altar of the Wu Jian Council.
  9670 | D:7      | Learned a level 4 spell: Fulminant Prism
  9688 | D:7      | Identified a +0 giant club
  9688 | D:7      | Identified a +0 giant club
  9688 | D:7      | Noticed a two-headed ogre
  9735 | D:7      | Killed a two-headed ogre
  9736 | D:7      | Reached skill level 9 in Conjurations
  9736 | D:7      | Reached XP level 10. HP: 56/56 MP: 10/16
  9795 | D:7      | Identified a +4 ring of evasion
  9818 | D:7      | Found Dazena's Antique Armour Shoppe.
  9933 | D:8      | Reached skill level 10 in Conjurations
  9935 | D:8      | Reached skill level 1 in Hexes
  9936 | D:8      | Reached skill level 2 in Hexes
  9937 | D:8      | Reached skill level 3 in Hexes
  9952 | D:8      | Identified a +0 shortbow
  9973 | D:8      | Identified a +0 whip
 10011 | D:8      | Identified a +0 club
 10040 | D:8      | Identified a +0 club
 10133 | D:8      | Reached skill level 4 in Hexes
 10220 | D:8      | Identified a +0 ring mail
 10270 | D:8      | Identified a +0 giant spiked club
 10270 | D:8      | Identified a +0 giant spiked club
 10270 | D:8      | Noticed a two-headed ogre
 10286 | D:8      | Identified a +0 plate armour
 10292 | D:8      | Killed a two-headed ogre
 10293 | D:8      | Reached skill level 8 in Evocations
 10452 | D:8      | Identified 2 scrolls of holy word
 10470 | D:8      | Identified a scroll of torment
 10648 | D:8      | Identified a +0 flail
 10766 | D:9      | Identified a +0 giant spiked club
 10766 | D:9      | Identified a +0 giant spiked club
 10766 | D:9      | Noticed a two-headed ogre
 10797 | D:9      | Killed a two-headed ogre
 10798 | D:9      | Reached skill level 9 in Evocations
 10817 | D:9      | You fall into a shaft and drop 2 floors!
 10837 | D:10     | Entered Level 10 of the Dungeon
 10848 | D:10     | Identified a +0 shortbow
 10859 | D:10     | Found Unkoof's Book Shoppe.
 10880 | D:10     | Identified a scroll of amnesia
 10894 | D:10     | Identified a +6 ring of intelligence
 10952 | D:9      | Identified a +0 mace
 10952 | D:9      | Identified a +0 chain mail
 10955 | D:9      | Identified a +0 short sword
 10956 | D:9      | Identified a +0 dagger
 10956 | D:9      | Identified a +0 robe
 10957 | D:9      | Identified a +0 dagger
 10957 | D:9      | Identified a +0 robe
 10959 | D:9      | Identified a +0 trident
 11018 | D:9      | Identified a +0 short sword
 11018 | D:9      | Identified a +0 cloak
 11018 | D:9      | Noticed Maurice
 11021 | D:9      | Identified a +0 shortbow
 11083 | D:9      | Identified a +0 dagger
 11083 | D:9      | Identified a +0 robe
 11083 | D:9      | Identified a +0 hand axe
 11083 | D:9      | Identified a +0 leather armour
 11084 | D:9      | Identified a +0 short sword
 11085 | D:9      | Identified a +0 dagger of speed
 11085 | D:9      | Identified a +0 robe
 11086 | D:9      | Identified a +0 trident
 11086 | D:9      | Identified a +0 plate armour
 11102 | D:9      | Reached skill level 10 in Evocations
 11154 | D:9      | Identified a +0 giant club
 11154 | D:9      | Identified a +0 dire flail
 11154 | D:9      | Noticed a two-headed ogre
 11182 | D:9      | Killed a two-headed ogre
 11183 | D:9      | Reached skill level 5 in Spellcasting
 11183 | D:9      | Reached XP level 11. HP: 61/61 MP: 16/18
 11275 | D:9      | Identified a +0 scale mail of fire resistance
 11361 | D:9      | Noticed a lindwurm
 11422 | D:9      | Noticed a lindwurm
 11432 | D:9      | Noticed a lindwurm
 11444 | D:9      | Killed a lindwurm
 11445 | D:9      | Reached skill level 5 in Hexes
 11450 | D:9      | Killed a lindwurm
 11450 | D:9      | Offered knowledge of Static Discharge by Vehumet.
 11460 | D:9      | Killed a lindwurm
 11460 | D:9      | Reached ** piety under Vehumet
 11461 | D:9      | Reached skill level 6 in Hexes
 11462 | D:9      | Noticed a lindwurm
 11475 | D:9      | Killed a lindwurm
 11483 | D:9      | Identified a +0 giant spiked club
 11483 | D:9      | Identified a +0 giant club
 11483 | D:9      | Noticed a two-headed ogre
 11511 | D:9      | Killed a two-headed ogre
 11512 | D:9      | Reached skill level 6 in Spellcasting
 11514 | D:9      | Killed Maurice
 11710 | D:9      | Identified a ring of flight
 11712 | D:9      | Identified a +1 ring mail of cold resistance
 11715 | D:9      | Identified a +2 mace of holy wrath
 11719 | D:9      | Identified a +1 cloak
 11768 | D:10     | Identified a ring of willpower
 11771 | D:10     | Identified 3 potions of lignification
 11788 | D:10     | Found Sinox's Distillery.
 11800 | D:10     | Identified a +0 glaive
 11800 | D:10     | Identified a +0 shortbow
 11830 | D:10     | Bought a potion of heal wounds for 85 gold pieces
 11946 | D:10     | Found Nyd Wyag's Jewellery Shop.
 11954 | D:10     | Learned a level 3 spell: Ignite Poison
 11958 | D:10     | Identified 2 scrolls of enchant armour
 11986 | D:10     | Found a large runed translucent door.
 11986 | D:10     | Found a large runed translucent door.
 11992 | D:10     | Identified a +0 shortbow
 11992 | D:10     | Noticed a centaur warrior
 11994 | D:10     | Noticed a cyclops
 12000 | D:10     | Found a large runed translucent door.
 12000 | D:10     | Found a large runed translucent door.
 12052 | D:10     | Identified a +0 pair of gloves
 12057 | D:10     | Reached skill level 9 in Poison Magic
 12064 | D:10     | HP: 13/61 [vampire mosquito (11)]
 12066 | D:10     | Noticed a manticore
 12080 | D:10     | Killed a manticore
 12260 | D:10     | Identified a +0 giant club
 12260 | D:10     | Identified a +0 giant spiked club
 12260 | D:10     | Noticed a two-headed ogre
 12273 | D:10     | Identified a +1 trident of freezing
 12273 | D:10     | Identified a +0 plate armour
 12316 | D:10     | Noticed a cyclops
 12317 | D:10     | Identified a +0 battleaxe
 12317 | D:10     | Identified a +3 plate armour
 12351 | D:10     | Killed a cyclops
 12352 | D:10     | Reached skill level 10 in Poison Magic
 12365 | D:10     | Killed a two-headed ogre
 12436 | D:10     | Reached skill level 11 in Poison Magic
 12446 | D:10     | Found a shadowy altar of Dithmenos.
 12505 | D:10     | Identified a +0 mace
 12520 | D:10     | Identified a +0 dagger
 12520 | D:10     | Identified a +0 robe
 12632 | D:10     | Killed a centaur warrior
 12632 | D:10     | Offered knowledge of Inner Flame by Vehumet.
 12632 | D:10     | Killed a cyclops
 12633 | D:10     | Reached skill level 3 in Fire Magic
 12633 | D:10     | Reached XP level 12. HP: 66/66 MP: 8/21
 12653 | D:10     | Identified the ring "Unyatat" {Slay+5 SInv}
 12703 | D:10     | Bought a book of Burglary for 280 gold pieces
 12706 | D:10     | Learned a level 2 spell: Passwall
 12836 | D:11     | Reached skill level 4 in Fire Magic
 12875 | D:11     | Identified a +0 giant club
 12875 | D:11     | Identified a +0 giant spiked club
 12875 | D:11     | Noticed a two-headed ogre
 12883 | D:11     | Killed a two-headed ogre
 12993 | D:11     | Identified a +0 shortbow
 12993 | D:11     | Identified a +0 shortbow
 12996 | D:11     | Identified a +0 shortbow
 12998 | D:11     | Reached skill level 5 in Fire Magic
 13058 | D:11     | Identified 2 potions of might
 13059 | D:11     | Identified a scroll of summoning
 13128 | D:11     | Identified a +0 chain mail
 13209 | D:11     | Identified a +0 giant spiked club
 13209 | D:11     | Identified a +0 giant club
 13209 | D:11     | Noticed a two-headed ogre
 13215 | D:11     | Killed a two-headed ogre
 13216 | D:11     | Reached skill level 6 in Fire Magic
 13272 | D:11     | Identified a +2 scimitar of flaming
 13288 | D:11     | Reached *** piety under Vehumet
 13307 | D:11     | Identified a +0 robe
 13309 | D:11     | Found a staircase to the Lair.
 13316 | D:11     | Reached skill level 7 in Spellcasting
 13370 | D:11     | Identified a +0 hand axe
 13468 | D:11     | Identified a potion of berserk rage
 13555 | D:12     | Identified a +0 giant spiked club
 13555 | D:12     | Identified a +0 giant club
 13555 | D:12     | Noticed a two-headed ogre
 13623 | D:12     | Noticed a boulder beetle
 13628 | D:12     | Killed a boulder beetle
 13642 | D:12     | Identified a scroll of enchant weapon
 13698 | D:12     | Killed a two-headed ogre
 13706 | D:12     | Learned a level 6 spell: Eringya's Noxious Bog
 13751 | D:12     | Identified a +0 whip
 13752 | D:12     | Identified a +0 whip of distortion
 13753 | D:12     | Identified a +0 dagger
 13753 | D:12     | Identified a +0 robe
 13753 | D:12     | Identified a +0 dagger
 13753 | D:12     | Identified a +0 robe
 13753 | D:12     | Noticed Duximpin's ghost (journeyman MiBe)
 13754 | D:12     | Found a runed translucent gate.
 13754 | D:12     | Found a runed translucent gate.
 13754 | D:12     | Found a runed translucent gate.
 13754 | D:12     | Identified a +2 rapier of distortion
 13754 | D:12     | Identified a +0 short sword
 13754 | D:12     | Identified a +0 dagger
 13754 | D:12     | Identified a +0 dagger
 13754 | D:12     | Identified a +0 robe
 13754 | D:12     | Identified a +0 dagger
 13754 | D:12     | Identified a +0 robe
 13754 | D:12     | Identified a +0 dagger of distortion
 13755 | D:12     | Identified a +0 halberd
 13829 | D:12     | Identified a scroll of acquirement
 13830 | D:12     | Acquired 1105 gold pieces
 13897 | D:12     | Identified a +2 short sword of pain
 13898 | D:12     | Identified a +3 vorpal arbalest
 13898 | D:12     | Identified a +1 short sword of distortion
 13993 | D:12     | Identified a +0 dagger
 13994 | D:12     | Found Jiarub's Armour Boutique.
 13994 | D:12     | Identified a +1 flail of venom
 13996 | D:12     | Identified a +0 shortbow
 13997 | D:12     | Identified a +0 longbow
 13997 | D:12     | Noticed a centaur warrior
 14008 | D:12     | Killed a centaur warrior
 14009 | D:12     | Reached skill level 12 in Poison Magic
 14014 | D:12     | Identified a +0 flail
 14018 | D:12     | Identified a +0 short sword
 14018 | D:12     | Identified a +0 scale mail
 14019 | D:12     | Found a staircase to the Orcish Mines.
 14021 | D:12     | Found Zuecw's Weapon Boutique.
 14024 | D:12     | Identified a +0 mace
 14024 | D:12     | Identified a +0 chain mail
 14029 | D:12     | Reached skill level 2 in Transmutations
 14030 | D:12     | Identified a +0 flail
 14030 | D:12     | Identified a +0 plate armour
 14123 | D:12     | Identified a +0 trident
 14153 | D:12     | Identified a +0 trident
 14263 | Orc:1    | Entered Level 1 of the Orcish Mines
 14263 | Orc:1    | Identified a +0 hand axe
 14263 | Orc:1    | Identified a +0 plate armour
 14263 | Orc:1    | Identified a +0 mace
 14263 | Orc:1    | Identified a +0 dagger
 14263 | Orc:1    | Identified a +0 robe
 14263 | Orc:1    | Identified a +0 short sword
 14263 | Orc:1    | Identified a +0 leather armour
 14263 | Orc:1    | Identified a +0 broad axe
 14263 | Orc:1    | Identified a +0 chain mail
 14263 | Orc:1    | Identified a +0 dire flail
 14263 | Orc:1    | Identified a +0 dire flail
 14263 | Orc:1    | Noticed an ettin
 14263 | Orc:1    | Identified a +0 hand axe of freezing
 14263 | Orc:1    | Identified a +0 chain mail
 14263 | Orc:1    | Identified a +0 club
 14263 | Orc:1    | Identified a +0 scale mail
 14263 | Orc:1    | Identified a +0 hand axe
 14263 | Orc:1    | Identified a +0 dagger
 14263 | Orc:1    | Identified a +0 robe
 14263 | Orc:1    | Identified a +0 club
 14263 | Orc:1    | Identified a +0 ring mail
 14264 | Orc:1    | Identified a +0 hand axe
 14264 | Orc:1    | Identified a +0 leather armour
 14264 | Orc:1    | Identified a +0 hand axe
 14264 | Orc:1    | Identified a +0 dagger
 14264 | Orc:1    | Identified a +0 robe
 14265 | Orc:1    | Offered knowledge of Iskenderun's Mystic Blast by Vehumet.
 14268 | Orc:1    | Killed an ettin
 14269 | Orc:1    | Reached skill level 4 in Transmutations
 14271 | Orc:1    | Identified a +0 trident
 14271 | Orc:1    | Identified a +0 plate armour
 14271 | Orc:1    | Identified a +0 short sword of flaming
 14272 | Orc:1    | Identified a +0 flail
 14272 | Orc:1    | Identified a +0 scale mail
 14273 | Orc:1    | Identified a +2 falchion of protection
 14273 | Orc:1    | Identified a +0 leather armour
 14274 | Orc:1    | Identified a +0 morningstar
 14278 | Orc:1    | Reached skill level 8 in Spellcasting
 14392 | Orc:1    | Identified a +0 dagger
 14392 | Orc:1    | Identified a +0 robe
 14394 | Orc:1    | Identified a +0 battleaxe
 14394 | Orc:1    | Identified a +0 chain mail
 14394 | Orc:1    | Identified a +0 long sword
 14394 | Orc:1    | Identified a +0 plate armour
 14394 | Orc:1    | Identified a +0 hand axe
 14394 | Orc:1    | Identified a +0 leather armour
 14395 | Orc:1    | Identified a +0 whip
 14396 | Orc:1    | Identified a +0 dagger
 14396 | Orc:1    | Identified a +0 hand axe
 14397 | Orc:1    | Identified a +0 giant spiked club
 14397 | Orc:1    | Identified a +0 whip
 14398 | Orc:1    | Identified a +0 hand axe
 14398 | Orc:1    | Identified a +0 dagger
 14398 | Orc:1    | Identified a +0 robe
 14399 | Orc:1    | Identified a +0 halberd
 14399 | Orc:1    | Identified a +0 plate armour
 14399 | Orc:1    | Identified a +0 mace
 14399 | Orc:1    | Identified a +0 ring mail
 14400 | Orc:1    | Reached **** piety under Vehumet
 14400 | Orc:1    | Identified a +0 dagger
 14400 | Orc:1    | Identified a +1 vorpal flail
 14400 | Orc:1    | Identified a +0 flail
 14403 | Orc:1    | Identified a +0 dagger
 14403 | Orc:1    | Identified a +0 hand axe
 14403 | Orc:1    | Identified a +0 leather armour
 14403 | Orc:1    | Noticed an orc high priest
 14406 | Orc:1    | Identified a +0 halberd
 14406 | Orc:1    | Identified a +0 chain mail
 14416 | Orc:1    | Killed an orc high priest
 14438 | Orc:1    | HP: 13/66 [orc priest/divine providence (10)]
 14739 | Orc:1    | Identified a +0 short sword
 14740 | Orc:1    | Identified a +0 club
 14741 | Orc:1    | Identified a +0 dagger
 14742 | Orc:1    | Identified a +0 mace
 14742 | Orc:1    | Identified a +0 morningstar
 14743 | Orc:1    | Offered knowledge of Dazzling Flash by Vehumet.
 14888 | Orc:1    | Found Kif Pech's General Store.
 14995 | Orc:2    | Entered Level 2 of the Orcish Mines
 14996 | Orc:2    | Identified a +0 halberd
 14996 | Orc:2    | Identified a +0 plate armour
 14996 | Orc:2    | Identified a +0 morningstar
 14996 | Orc:2    | Identified a +0 club
 15030 | Orc:2    | Identified a +0 dagger
 15030 | Orc:2    | Identified a +0 robe
 15035 | Orc:2    | Reached skill level 9 in Spellcasting
 15035 | Orc:2    | Reached XP level 13. HP: 69/71 MP: 19/26
 15039 | Orc:2    | Identified a +0 dagger
 15039 | Orc:2    | Identified a +0 leather armour
 15040 | Orc:2    | Identified a +0 trident
 15040 | Orc:2    | Identified a +0 ring mail
 15042 | Orc:2    | Identified a +0 short sword
 15042 | Orc:2    | Identified a +0 chain mail
 15042 | Orc:2    | Identified a +0 club
 15043 | Orc:2    | Identified a +0 hand axe
 15128 | Orc:2    | Identified a +0 mace
 15128 | Orc:2    | Identified a +0 ring mail
 15128 | Orc:2    | Identified a +0 long sword
 15128 | Orc:2    | Identified a +0 chain mail
 15129 | Orc:2    | Identified a +0 mace
 15129 | Orc:2    | Identified a +0 scale mail
 15129 | Orc:2    | Identified a +0 dagger
 15129 | Orc:2    | Identified a +0 mace
 15129 | Orc:2    | Identified a +0 leather armour
 15148 | Orc:2    | Found a staircase to the Elven Halls.
 15242 | Orc:2    | Identified a +0 dagger
 15242 | Orc:2    | Identified a +0 robe
 15242 | Orc:2    | Identified a +0 dagger
 15242 | Orc:2    | Identified a +0 dire flail
 15242 | Orc:2    | Identified a +0 chain mail
 15242 | Orc:2    | Identified a +0 short sword
 15242 | Orc:2    | Identified a +0 leather armour
 15242 | Orc:2    | Identified a +0 dagger
 15242 | Orc:2    | Identified a +0 robe
 15243 | Orc:2    | Identified a +0 hand axe
 15243 | Orc:2    | Identified a +0 chain mail of poison resistance
 15243 | Orc:2    | Identified a +0 short sword
 15243 | Orc:2    | Identified a +0 plate armour
 15243 | Orc:2    | Identified a +0 whip
 15244 | Orc:2    | Identified a +2 long sword of protection
 15244 | Orc:2    | Identified a +0 plate armour
 15450 | Orc:2    | Found Qiggobej's Armour Shoppe.
 15457 | Orc:2    | Learned a level 5 spell: Summon Forest
 15518 | Orc:2    | Identified a +0 long sword
 15518 | Orc:2    | Identified a +0 plate armour
 15518 | Orc:2    | Identified a +0 war axe
 15523 | Orc:2    | Identified a +0 mace
 15523 | Orc:2    | Identified a +0 ring mail
 15524 | Orc:2    | Identified a +0 giant spiked club
 15525 | Orc:2    | Identified a +0 giant club
 15530 | Orc:2    | Reached skill level 1 in Summonings
 15551 | Orc:2    | Identified a +0 dire flail
 15551 | Orc:2    | Identified a +0 plate armour
 15551 | Orc:2    | Identified a +0 mace
 15551 | Orc:2    | Identified a +0 chain mail
 15551 | Orc:2    | Identified a +0 flail
 15551 | Orc:2    | Identified a +0 leather armour
 15551 | Orc:2    | Identified a +0 club
 15551 | Orc:2    | Identified a +0 leather armour
 15595 | Orc:2    | Identified a +0 whip
 15595 | Orc:2    | Identified a +0 scimitar
 15595 | Orc:2    | Identified a +0 chain mail
 15595 | Orc:2    | Identified a +0 war axe
 15595 | Orc:2    | Identified a +0 plate armour
 15599 | Orc:2    | Reached skill level 2 in Summonings
 15666 | Orc:2    | Identified a +0 trident
 15666 | Orc:2    | Identified a +3 leather armour
 15666 | Orc:2    | Identified a +0 dagger
 15666 | Orc:2    | Identified a +0 robe
 15666 | Orc:2    | Identified a +0 trident
 15666 | Orc:2    | Identified a +0 ring mail
 15667 | Orc:2    | Identified a +0 dagger
 15667 | Orc:2    | Identified a +0 robe
 15725 | Orc:2    | Identified a +0 short sword
 15725 | Orc:2    | Identified a +0 hand axe
 15725 | Orc:2    | Identified a +0 club
 15725 | Orc:2    | Identified a +1 vampiric battleaxe
 15725 | Orc:2    | Identified a +0 chain mail
 15726 | Orc:2    | Identified a +0 mace
 15726 | Orc:2    | Identified a +0 flail
 15726 | Orc:2    | Identified a +0 leather armour
 15727 | Orc:2    | Identified a +0 club
 15727 | Orc:2    | Identified a +0 ring mail
 15727 | Orc:2    | Identified a +0 trident
 15727 | Orc:2    | Identified a +0 war axe
 15816 | Orc:2    | Identified a +0 falchion
 15816 | Orc:2    | Identified a +2 vampiric long sword
 15816 | Orc:2    | Identified a +0 chain mail
 15816 | Orc:2    | Identified a +0 trident
 15816 | Orc:2    | Identified a +0 plate armour
 15817 | Orc:2    | Identified a +0 whip
 15817 | Orc:2    | Identified a +0 hand axe
 15817 | Orc:2    | Identified a +0 leather armour
 15817 | Orc:2    | Identified a +0 long sword
 15817 | Orc:2    | Identified a +0 chain mail
 15818 | Orc:2    | Identified a +0 trident
 15818 | Orc:2    | Identified a +0 chain mail
 15819 | Orc:2    | Identified a +0 dagger
 15819 | Orc:2    | Identified a +0 robe
 15820 | Orc:2    | Identified a +0 dagger
 15820 | Orc:2    | Identified a +0 robe
 15822 | Orc:2    | Reached ***** piety under Vehumet
 15822 | Orc:2    | Offered knowledge of Spellforged Servitor by Vehumet.
 15822 | Orc:2    | Identified a +0 battleaxe
 15822 | Orc:2    | Identified a +0 plate armour
 15828 | Orc:2    | Reached skill level 3 in Summonings
 15843 | Orc:2    | Identified a +0 dire flail
 15843 | Orc:2    | Identified a +1 chain mail of fire resistance
 15844 | Orc:2    | Identified a +0 war axe
 15844 | Orc:2    | Identified a +0 chain mail
 15848 | Orc:2    | Identified a +0 dire flail
 15848 | Orc:2    | Identified a +0 plate armour
 15854 | Orc:2    | Identified a +0 dagger
 15854 | Orc:2    | Identified a +0 robe
 15858 | Orc:2    | Reached skill level 4 in Summonings
 15859 | Orc:2    | Identified a +0 trident
 15859 | Orc:2    | Identified a +0 plate armour
 15869 | Orc:2    | Identified a +0 hand axe
 15878 | Orc:2    | Identified a +0 dire flail
 15878 | Orc:2    | Identified a +0 chain mail
 15881 | Orc:2    | Identified a +0 dagger
 15881 | Orc:2    | Identified a +0 short sword
 15881 | Orc:2    | Identified a +0 plate armour
 15883 | Orc:2    | Identified a +0 hand axe
 15883 | Orc:2    | Identified a +0 plate armour
 15885 | Orc:2    | Identified a +0 whip
 15885 | Orc:2    | Identified a +0 dagger
 15886 | Orc:2    | Identified a +0 flail
 15889 | Orc:2    | Identified a +0 hand axe
 15892 | Orc:2    | Identified a +0 trident
 15898 | Orc:2    | Identified a +0 war axe
 15907 | Orc:2    | Identified a +0 great mace
 15907 | Orc:2    | Identified a +0 chain mail
 15907 | Orc:2    | Noticed an orc warlord
 16098 | Orc:2    | Killed an orc warlord
 16099 | Orc:2    | Reached skill level 2 in Earth Magic
 16151 | Orc:2    | Found Liupeorph's Antique Armour Emporium.
 16206 | Orc:2    | Identified a +0 hand axe
 16207 | Orc:2    | Identified a +0 hand axe
 16210 | Orc:2    | Identified a +0 battleaxe
 16210 | Orc:2    | Identified a +0 chain mail
 16282 | Orc:2    | Identified a +0 whip
 16282 | Orc:2    | Identified a +0 chain mail
 16282 | Orc:2    | Identified a +0 club
 16282 | Orc:2    | Identified a +0 halberd
 16282 | Orc:2    | Identified a +0 chain mail
 16282 | Orc:2    | Identified a +0 long sword
 16282 | Orc:2    | Identified a +0 chain mail
 16323 | Orc:2    | Identified a +0 flail
 16323 | Orc:2    | Identified a +0 flail
 16323 | Orc:2    | Identified a +0 leather armour
 16323 | Orc:2    | Identified a +0 mace
 16323 | Orc:2    | Identified a +0 chain mail
 16369 | Orc:2    | Found Xeac's Antique Weapon Shoppe.
 16501 | Orc:2    | Identified a +0 mace
 16501 | Orc:2    | Identified a +0 chain mail
 16501 | Orc:2    | Identified a +0 whip
 16501 | Orc:2    | Identified a +0 chain mail
 16501 | Orc:2    | Identified a +0 scimitar
 16501 | Orc:2    | Identified a +0 chain mail
 16511 | Orc:2    | Identified a +0 short sword
 16511 | Orc:2    | Identified a +0 leather armour
 16512 | Orc:2    | Identified a +0 club
 16512 | Orc:2    | Identified a +0 glaive
 16512 | Orc:2    | Identified a +0 plate armour
 16512 | Orc:2    | Identified a +0 hand axe
 16520 | Orc:2    | Reached skill level 3 in Earth Magic
 16522 | Orc:2    | Identified a +0 dagger
 16522 | Orc:2    | Identified a +0 robe
 16525 | Orc:2    | Identified a +6 mace
 16525 | Orc:2    | Identified a +0 leather armour
 16572 | Orc:2    | Found Nuixt's Distillery.
 16577 | Orc:2    | Bought a potion of ambrosia for 112 gold pieces
 16577 | Orc:2    | Bought a potion of heal wounds for 70 gold pieces
 16577 | Orc:2    | Bought a potion of magic for 112 gold pieces
 16577 | Orc:2    | Bought a potion of heal wounds for 70 gold pieces
 16577 | Orc:2    | Bought a potion of curing for 42 gold pieces
 16577 | Orc:2    | Bought a potion of cancellation for 112 gold pieces
 16686 | D:10     | Identified a +0 dagger
 16714 | D:10     | Bought a +6 ring of intelligence for 760 gold pieces
 16832 | Lair:1   | Entered Level 1 of the Lair of Beasts
 16832 | Lair:1   | Identified a +0 short sword of distortion
 16832 | Lair:1   | Noticed Sonja
 16853 | Lair:1   | HP: 14/71 [cane toad (15)]
 17125 | Lair:1   | Reached skill level 4 in Earth Magic
 17297 | Lair:1   | Identified a +0 scimitar
 17313 | Lair:1   | Reached skill level 5 in Earth Magic
 17336 | Lair:1   | Reached skill level 1 in Translocations
 17340 | Lair:1   | Reached skill level 2 in Translocations
 17390 | Lair:1   | Identified an orb of light
 17567 | Lair:1   | Identified a potion of brilliance
 17605 | Lair:1   | Identified a scarf of repulsion
 17656 | Lair:1   | Killed Sonja
 17657 | Lair:1   | Reached skill level 3 in Translocations
 17739 | Lair:1   | Reached skill level 4 in Translocations
 17858 | Lair:2   | Reached skill level 5 in Summonings
 17904 | Lair:2   | Identified +0 steam dragon scales
 18068 | Lair:2   | Reached skill level 6 in Summonings
 18163 | Lair:2   | Identified a +0 war axe
 18277 | Lair:2   | Found a runed translucent door.
 18283 | Lair:2   | Noticed UristMcRaven's ghost (novice DsTm)
 18343 | Lair:2   | Identified a +0 scale mail
 18472 | Lair:2   | Killed UristMcRaven's ghost
 18472 | Lair:2   | Offered knowledge of Yara's Violent Unravelling by Vehumet.
 18547 | Lair:2   | Identified a +0 leather armour
 18645 | Lair:2   | Reached skill level 7 in Summonings
 18761 | Lair:2   | Identified an amulet of the acrobat
 18835 | Lair:3   | Reached XP level 14. HP: 76/76 MP: 23/27
 18846 | Lair:3   | Reached skill level 8 in Summonings
 19117 | Lair:3   | Identified a scroll of vulnerability
 19255 | Lair:3   | Reached skill level 10 in Spellcasting
 19804 | Lair:3   | Identified a +0 leather armour
 19848 | Lair:4   | Identified a ring of fire
 20081 | Lair:4   | Identified a +0 scimitar
 20081 | Lair:4   | Identified a +0 robe
 20082 | Lair:4   | Identified a +0 short sword
 20105 | Lair:4   | Reached skill level 11 in Spellcasting
 20111 | Lair:4   | Identified a +0 short sword
 20112 | Lair:4   | Identified a +0 war axe
 20112 | Lair:4   | Identified a +0 robe
 20151 | Lair:4   | Identified a +2 dagger of draining
 20151 | Lair:4   | Identified a +0 robe
 20151 | Lair:4   | Noticed Nergalle
 20155 | Lair:4   | Identified a +0 flail
 20155 | Lair:4   | Identified a +0 leather armour
 20156 | Lair:4   | Killed Nergalle
 20160 | Lair:4   | Found a staircase to the Snake Pit.
 20178 | Lair:4   | Identified a +0 trident
 20181 | Lair:4   | Offered knowledge of Lee's Rapid Deconstruction by Vehumet.
 20204 | Lair:4   | Identified a +0 spear
 20205 | Lair:4   | Identified a +0 trident
 20292 | Lair:4   | Found a staircase to the Shoals.
 20430 | Lair:4   | Identified a +2 vorpal morningstar
 20440 | Lair:4   | Learned a level 5 spell: Lee's Rapid Deconstruction
 20638 | Lair:5   | Reached skill level 6 in Earth Magic
 20924 | Lair:5   | Reached skill level 7 in Earth Magic
 21101 | Lair:5   | Identified a +0 mace of venom
 21105 | Lair:5   | Found a runed translucent door.
 21105 | Lair:5   | Noticed an azure jelly
 21110 | Lair:5   | Found a viscous altar of Jiyva.
 21110 | Lair:5   | Found a staircase to the Slime Pits.
 21427 | Lair:5   | Identified a +0 long sword
 21531 | Lair:5   | Identified a ring of protection from fire
 21627 | Lair:5   | Reached skill level 8 in Earth Magic
 21795 | Lair:6   | Entered Level 6 of the Lair of Beasts
 22174 | Lair:6   | Reached skill level 11 in Conjurations
 22293 | Lair:6   | Reached XP level 15. HP: 81/81 MP: 25/30
 22370 | Lair:6   | Identified a +0 triple sword
 22540 | Lair:6   | Reached skill level 12 in Conjurations
 22854 | Lair:6   | Identified a potion of invisibility
 22905 | Lair:6   | Identified a potion of mutation
 22906 | Lair:6   | Gained mutation: A frigid envelope surrounds you and
                  | freezes all who hurt you. [potion of mutation]
 22906 | Lair:6   | Lost mutation: A frigid envelope surrounds you and freezes
                  | all who hurt you. [potion of mutation]
 22906 | Lair:6   | Gained mutation: You are partially covered in iridescent
                  | scales. (AC +2) [potion of mutation]
 23088 | Lair:6   | Reached skill level 9 in Summonings
 23431 | Lair:6   | Reached skill level 10 in Summonings
 23458 | Lair:6   | Identified an amulet of guardian spirit
 24191 | Lair:1   | Identified a +0 whip
 24455 | D:12     | Killed Duximpin's ghost
 24497 | D:12     | Offered knowledge of Conjure Ball Lightning by Vehumet.
 24543 | D:12     | Identified a +0 dagger
 24555 | D:12     | Identified a +1 whip of distortion
 24958 | D:12     | Lost mutation: You are partially covered in iridescent
                  | scales. (AC +2) [potion of mutation]
 24958 | D:12     | Gained mutation: You are covered in fur. (AC +1) [potion of
                  | mutation]
 24988 | D:13     | Identified a +0 giant club
 24990 | D:13     | Identified a +0 giant spiked club
 24992 | D:13     | Identified a +0 giant club
 24995 | D:13     | Identified a +0 giant club
 24999 | D:13     | Identified a +0 halberd
 24999 | D:13     | Identified a +0 robe
 25031 | D:13     | Identified a +0 shortbow
 25031 | D:13     | Identified a +0 dagger
 25031 | D:13     | Identified a +0 robe
 25035 | D:13     | Identified a +0 shortbow
 25036 | D:13     | Identified a +0 shortbow
 25041 | D:13     | Identified a +2 trident of venom
 25041 | D:13     | Identified a +0 chain mail
 25183 | D:13     | Identified a +0 arbalest
 25184 | D:13     | Reached skill level 9 in Earth Magic
 25196 | D:13     | Identified a +0 arbalest
 25206 | D:13     | Identified a +0 arbalest
 25207 | D:13     | Identified a +1 dire flail
 25207 | D:13     | Identified a +0 chain mail
 25209 | D:13     | Identified a +0 flail
 25210 | D:13     | Identified a +0 arbalest
 25238 | D:13     | Identified a +0 flail
 25238 | D:13     | Identified a +0 chain mail
 25280 | D:13     | Found a gate to the Vaults.
 25294 | D:13     | Identified a +2 scimitar of flaming
 25397 | D:13     | Identified a +0 giant spiked club
 25397 | D:13     | Identified a +0 giant club
 25808 | D:13     | Identified a +0 troll leather armour
 25963 | D:13     | Identified a +0 scale mail
 26037 | D:14     | Reached skill level 10 in Earth Magic
 26058 | D:14     | Reached skill level 1 in Fighting
 26123 | D:14     | Identified a +0 dagger
 26123 | D:14     | Identified a +0 robe
 26126 | D:14     | Reached skill level 2 in Fighting
 26195 | D:14     | Reached skill level 3 in Fighting
 26308 | D:14     | Identified a +0 dire flail
 26308 | D:14     | Identified a +0 leather armour
 26312 | D:14     | Reached skill level 4 in Fighting
 26388 | D:14     | Identified a scroll of silence
 26626 | D:14     | Identified a +0 dagger
 26626 | D:14     | Identified a +0 robe
 26714 | D:14     | Identified a +0 rapier
 26714 | D:14     | Identified a +0 leather armour
 26726 | D:14     | Reached skill level 5 in Fighting
 26757 | D:14     | Reached skill level 3 in Dodging
 26874 | D:14     | Identified a +1 glaive of venom
 26951 | D:14     | Identified a +0 long sword
 27050 | D:14     | Identified a +2 pair of gloves
 27068 | D:15     | Entered Level 15 of the Dungeon
 27068 | D:15     | Identified a +0 shortbow
 27174 | D:15     | Identified a +0 hand axe
 27174 | D:15     | Identified a +0 leather armour
 27176 | D:15     | Identified a +1 vorpal hand axe
 27176 | D:15     | Identified a +0 leather armour
 27177 | D:15     | Identified a +0 war axe
 27177 | D:15     | Identified a +0 robe
 27193 | D:15     | Identified a +0 long sword
 27193 | D:15     | Identified a +0 leather armour
 27196 | D:15     | Identified a +0 dagger
 27196 | D:15     | Identified a +0 robe
 27447 | D:15     | Reached skill level 4 in Dodging
 27452 | D:15     | Reached XP level 16. HP: 83/98 MP: 22/31
 27648 | D:15     | Found a staircase to the Depths.
 27671 | D:15     | Identified a +0 trident
 27907 | D:15     | Reached skill level 5 in Dodging
 27910 | D:15     | Reached skill level 3 in Stealth
 28023 | D:15     | Reached skill level 4 in Stealth
 28070 | D:15     | Reached skill level 5 in Stealth
 28110 | D:15     | Identified a +0 war axe
 28110 | D:15     | Identified a +0 scale mail
 28114 | D:15     | Identified a +0 giant club
 28117 | D:15     | Identified a +0 giant club
 28117 | D:15     | Identified a +0 giant club
 28145 | D:15     | Identified a +0 giant club
 28145 | D:15     | Identified a +0 giant club
 28145 | D:15     | Identified a +0 giant club
 28145 | D:15     | Identified a +0 dire flail
 28150 | D:15     | Offered knowledge of Starburst by Vehumet.
 28157 | D:15     | Identified a +0 club
 28157 | D:15     | Identified a +0 robe
 28378 | D:15     | Reached skill level 11 in Evocations
 28711 | Depths:1 | Entered Level 1 of the Depths
 28717 | Depths:1 | Identified a +0 great sword of flaming
 28720 | Depths:1 | Identified a +0 robe
 28721 | Depths:1 | Identified a +2 great sword of flaming
 28854 | Elf:1    | Entered Level 1 of the Elven Halls
 28854 | Elf:1    | Identified a +0 dagger
 28854 | Elf:1    | Identified a +0 short sword
 28854 | Elf:1    | Identified a +0 rapier
 28857 | Elf:1    | Identified a +0 long sword
 28857 | Elf:1    | Identified a +1 long sword of flaming
 28857 | Elf:1    | Identified a +1 rapier of speed
 28857 | Elf:1    | Identified a +0 ring mail
 28863 | Elf:1    | Identified a +0 short sword
 28863 | Elf:1    | Identified a +0 leather armour
 28864 | Elf:1    | Identified a +0 long sword
 28867 | Elf:1    | Identified a +0 short sword
 28867 | Elf:1    | Identified a +0 rapier
 28867 | Elf:1    | Identified a +0 leather armour
 28869 | Elf:1    | Reached skill level 12 in Evocations
 28870 | Elf:1    | Identified a +0 dagger
 28870 | Elf:1    | Identified a +0 shortbow
 28870 | Elf:1    | Identified a +0 leather armour
 28872 | Elf:1    | Identified a +0 long sword
 28878 | Elf:1    | Identified a +0 scimitar
 29037 | Elf:1    | Identified a +0 long sword
 29037 | Elf:1    | Identified a +0 chain mail
 29039 | Elf:1    | Identified a +0 short sword
 29041 | Elf:1    | Identified a +0 long sword
 29041 | Elf:1    | Identified a +0 leather armour
 29043 | Elf:1    | Identified a +0 long sword
 29043 | Elf:1    | Identified a +0 leather armour
 29044 | Elf:1    | Identified a +4 hand axe of venom
 29045 | Elf:1    | Identified a +0 short sword
 29045 | Elf:1    | Identified a +2 longbow of flaming
 29045 | Elf:1    | Identified a +0 leather armour
 29047 | Elf:1    | Identified a +4 short sword of venom
 29047 | Elf:1    | Identified a +0 leather armour
 29064 | Elf:1    | Identified a +0 dagger
 29064 | Elf:1    | Identified a +0 shortbow
 29064 | Elf:1    | Identified a +0 leather armour
 29068 | Elf:1    | Reached skill level 13 in Evocations
 29084 | Elf:1    | Identified a +1 vampiric short sword
 29084 | Elf:1    | Identified a +0 shortbow
 29084 | Elf:1    | Identified a +0 leather armour
 29095 | Elf:1    | Identified a +0 long sword
 29095 | Elf:1    | Identified a +0 leather armour
 29097 | Elf:1    | Identified a +3 long sword of holy wrath
 29097 | Elf:1    | Identified a +0 leather armour
 29098 | Elf:1    | Identified a +0 short sword
 29098 | Elf:1    | Noticed a deep elf demonologist
 29099 | Elf:1    | Identified a +0 dagger
 29099 | Elf:1    | Identified a +0 shortbow
 29099 | Elf:1    | Identified a +0 leather armour
 29101 | Elf:1    | Killed a deep elf demonologist
 29106 | Elf:1    | Identified a +0 long sword
 29111 | Elf:1    | Identified a +0 quarterstaff
 29196 | Elf:1    | Identified a +0 short sword
 29285 | Elf:1    | Identified a +0 long sword
 29285 | Elf:1    | Identified a +0 leather armour
 29294 | Elf:1    | Identified a +0 long sword
 29304 | Elf:1    | Identified a +0 dagger
 29311 | Elf:1    | Identified a +0 short sword
 29420 | Elf:1    | Identified a +2 short sword of holy wrath
 29420 | Elf:1    | Identified a +0 ring mail
 29425 | Elf:1    | Identified a +0 long sword
 29425 | Elf:1    | Identified a +0 ring mail
 29427 | Elf:1    | Identified a +0 rapier
 29427 | Elf:1    | Identified a +0 ring mail
 29428 | Elf:1    | Reached skill level 14 in Evocations
 29428 | Elf:1    | Identified a +0 scimitar
 29428 | Elf:1    | Identified a +0 leather armour
 29430 | Elf:1    | Identified a +0 dagger
 29432 | Elf:1    | Identified a +0 short sword
 29432 | Elf:1    | Identified a +0 chain mail
 29462 | Elf:1    | Identified a +0 long sword
 29506 | Elf:1    | Identified a +0 rapier
 29506 | Elf:1    | Identified a +0 leather armour
 29574 | Elf:1    | Identified a +0 halberd of protection
 29577 | Elf:1    | Identified a +3 short sword of flaming
 29578 | Elf:1    | Identified a +0 short sword
 29578 | Elf:1    | Identified a +0 scale mail
 29580 | Elf:1    | HP: 16/98 [+0 halberd of protection (30)]
 29582 | Elf:1    | Slain by a +0 halberd of protection

Table legend: (Time is in decaauts)
 A = Elapsed time spent in this place.
 B = Non-inter-level travel time spent in this place.
 C = Inter-level travel time spent in this place.
 D = Time resting spent in this place.
 E = Time spent auto-exploring this place.
 F = Levels seen in this place.
 G = Mean time per level.
                   A        B        C        D        E       F      G
               +--------+--------+--------+--------+--------+-----+--------+
         Total |  29549 |  27626 |   1923 |   2434 |  20013 |  27 | 1094.4 |
       Dungeon |  18917 |  17494 |   1423 |   1370 |  12683 |  15 | 1261.1 |
        Temple |    110 |     63 |     47 |      0 |     58 |   1 |  110.0 |
          Lair |   7384 |   7065 |    319 |    664 |   5327 |   6 | 1230.7 |
  Orcish Mines |   2310 |   2177 |    133 |    172 |   1607 |   2 | 1155.0 |
   Elven Halls |    577 |    577 |      0 |    228 |    164 |   1 |  577.0 |
        Depths |     13 |     13 |      0 |      0 |      0 |   1 |   13.0 |
         Sewer |    234 |    234 |      0 |      0 |    174 |   1 |  234.0 |
               +--------+--------+--------+--------+--------+-----+--------+

Top non-repeatable levels by time:
  Lair:6: 2142 daAuts
   Orc:2: 1805 daAuts
     D:5: 1712 daAuts
     D:6: 1689 daAuts
     D:4: 1555 daAuts
    D:12: 1495 daAuts
     D:2: 1424 daAuts
  Lair:5: 1419 daAuts
    D:14: 1399 daAuts
    D:15: 1305 daAuts
  Lair:2: 1268 daAuts
    D:13: 1248 daAuts
     D:1: 1196 daAuts
     D:3: 1146 daAuts
    D:10: 1123 daAuts

Table legend:
 A = Kills in this place as a percentage of kills in entire the game.
 B = Kills by you in this place as a percentage of kills by you in the entire game.
 C = Kills by friends in this place as a percentage of kills by friends in the entire game.
 D = Other kills in this place as a percentage of other kills in the entire game.
 E = Experience gained in this place as a percentage of experience gained in the entire game.
 F = Experience gained in this place divided by the number of levels of this place that you have seen.
                   A       B       C       D       E      F
               +-------+-------+-------+-------+-------+----------------------
         Total | 100.0 | 100.0 | 100.0 | 100.0 | 100.0 | 6445.2
       Dungeon |  45.2 |  45.2 |  28.6 | 100.0 |  40.3 | 4678.2
          Lair |  28.0 |  27.7 |  71.4 |   0.0 |  34.8 | 10099.2
  Orcish Mines |  19.1 |  19.4 |   0.0 |   0.0 |   7.7 | 6711.0
   Elven Halls |   6.4 |   6.5 |   0.0 |   0.0 |  16.4 | 28611.0
        Depths |   0.1 |   0.1 |   0.0 |   0.0 |   0.6 | 1079.0
         Sewer |   1.1 |   1.1 |   0.0 |   0.0 |   0.1 | 140.0
               +-------+-------+-------+-------+-------+----------------------

Skill      XL: |  1  2  3  4  5  6  7  8  9 10 11 12 13 14 15 16 |
---------------+-------------------------------------------------+-----
Poison Magic   | 4 5 6 7 8 11 12 | 12.1
Spellcasting   | 3 4 5 6 9 11 | 11.5
Evocations     | 5 7 10 14 | 14.4
Conjurations   | 5 9 10 11 12 | 12.0
Hexes          | 4 6 |  6.2
Fire Magic     | 3 6 |  6.0
Transmutations | 4 |  4.0
Summonings     | 7 8 10 | 10.0
Earth Magic    | 5 8 10 | 10.0
Translocations | 4 |  4.1
Fighting       | 5 |  5.0
Dodging        | 4 5 |  5.0
Stealth        | 5 |  5.4

Action                   |  1- 3 |  4- 6 |  7- 9 | 10-12 | 13-15 | 16-18 || total
-------------------------+-------+-------+-------+-------+-------+-------++-------
Melee: Unarmed           |    15 |       |       |       |       |       ||    15
       Constrict         |    12 |    19 |    16 |     2 |    15 |       ||    64
       Tentacles         |     7 |    18 |    17 |    16 |    11 |       ||    69
       Punch             |     2 |     2 |     2 |     1 |       |       ||     7
       Short sword       |    18 |       |       |       |       |       ||    18
       Dagger            |     3 |    76 |    39 |    58 |    67 |       ||   243
       Whip              |       |    10 |    32 |       |       |       ||    42
 Cast: Sting             |    17 |     9 |       |       |       |       ||    26
       Poisonous Vapours |    11 |    42 |    51 |    80 |   190 |    68 ||   442
       Olgreb's Toxic Ra |       |     3 |    11 |    31 |    57 |     7 ||   109
       Mephitic Cloud    |       |     1 |     3 |    20 |     3 |     2 ||    29
       Searing Ray       |       |       |    13 |    23 |    60 |    11 ||   107
       Fulminant Prism   |       |       |       |    11 |    57 |    26 ||    94
       Ignite Poison     |       |       |       |    26 |   161 |    48 ||   235
       Eringya's Noxious |       |       |       |       |     5 |     1 ||     6
       Summon Forest     |       |       |       |       |     5 |     2 ||     7
       Lee's Rapid Decon |       |       |       |       |     5 |    19 ||    24
 Abil: Evoke Blink       |       |       |       |       |     7 |     3 ||    10
Evoke: Wand              |       |       |    17 |     6 |    38 |       ||    61
  Use: Scroll            |       |     7 |     2 |    13 |    12 |       ||    34
       Potion            |       |     2 |     2 |     4 |     3 |     1 ||    12
 Stab: Sleeping          |     2 |    10 |       |     1 |     1 |       ||    14
       Confused          |       |       |     1 |     2 |       |       ||     3
Armor: Skin              |     4 |     4 |     2 |     1 |     1 |     2 ||    14
Dodge: Dodged            |    23 |    38 |    54 |    85 |   158 |    22 ||   380

Vanquished Creatures
  An orc warlord (Orc:2)
  A stone giant (Depths:1)
  A juggernaut skeleton (D:15)
  A deep elf demonologist (Elf:1)
  The ghost of Duximpin the Protected, a journeyman MiBe of Trog (D:12)
  An ettin (Orc:1)
  2 ogre magi
  11 hydras
  2 boulder beetles
  4 centaur warriors
  16 death yaks
  2 dancing weapons (Elf:1)
  A deep troll shaman (Lair:6)
  13 two-headed ogres
  A tengu warrior (D:14)
  The ghost of UristMcRaven the Timeless, a novice DsTm of Cheibriados (Lair:2)
  2 orc high priests
  Nergalle (Lair:4)
  7 deep elf knights (Elf:1)
  A skeletal warrior (D:15)
  Sonja (Lair:1)
  5 deep elf archers (Elf:1)
  A golden dragon skeleton (D:15)
  A phantasmal warrior (D:15)
  16 deep elf zephyrmancers (Elf:1)
  2 wizards (D:14)
  4 lindwurms (D:9)
  A necromancer (D:15)
  An orc knight (D:13)
  14 ugly things
  13 deep elf pyromancers
  4 orc sorcerers (Orc:2)
  9 cyclopes
  2 manticores
  A cyclops (shapeshifter) (D:15)
  7 elephants (Lair:6)
  A merfolk siren (Lair:4)
  5 black mambas
  2 gargoyles
  An ice statue (D:14)
  Maurice (D:9)
  2 torpor snails
  6 cane toads
  3 kobold demonologists (D:12)
  A rime drake (Lair:3)
  4 yaktaurs (D:13)
  8 komodo dragons
  2 efreet
  A tengu conjurer (D:15)
  7 ice devils (D:14)
  A guardian mummy (D:15)
  2 polar bears
  3 merfolk (Lair:4)
  3 meliai (D:15)
  3 trolls
  A wolf spider simulacrum (D:15)
  9 dream sheep
  15 blink frogs
  2 spriggan zombies (D:15)
  A wraith (D:12)
  46 yaks
  2 shadows (D:10)
  A large abomination (Elf:1)
  8 wyverns
  A human (shapeshifter) (Elf:1)
  4 basilisks
  2 fire elementals
  5 vampire mosquitoes
  3 steam dragons
  A warg (Orc:1)
  2 acid dragons
  4 nagas (Lair:4)
  14 water moccasins
  Duvessa (D:6)
  2 sky beasts
  48 orc warriors
  Pargi (Sewer)
  2 ice beasts (D:6)
  11 ogres
  2 black bears (Lair:6)
  10 centaurs
  30 wolves
  2 elf zombies (Elf:1)
  A phantom (D:5)
  12 kobold brigands
  13 bullfrogs
  2 necrophages
  A scorpion (D:5)
  3 wights (D:7)
  Dowan (D:6)
  5 killer bees
  3 vampire bats (Lair:4)
  A howler monkey (D:9)
  4 crimson imps (D:7)
  4 hounds
  A jelly (D:8)
  15 orc priests
  Jessica (D:2)
  5 iguanas
  Natasha (thrice) (D:2)
  17 orc wizards
  5 hell rats (Lair:2)
  10 adders
  7 ufetubi
  4 worms
  2 dart slugs
  77 orcs
  18 bats
  5 endoplasms
  A giant cockroach (D:3)
  5 goblins
  7 hobgoblins
  4 jackals (D:3)
  19 kobolds
  6 quokkas
  15 ball pythons
  A frilled lizard (D:3)
  9 rats
  2 fulminant prisms (D:10)
  A snaplasher vine (D:15)
728 creatures vanquished.

Vanquished Creatures (collateral kills)
  A catoblepas (Lair:6)
  A kobold demonologist (D:12)
  4 yaks (Lair:3)
  A kobold brigand (D:12)
7 creatures vanquished.

Vanquished Creatures (others)
  2 orcs (D:6)
  92 fulminant prisms
  31 fungi
  26 plants
  2 snaplasher vines (D:15)
  11 withered plants
164 creatures vanquished.

Grand Total: 899 creatures vanquished
